 Dungeon Crawl Stone Soup version 0.28.0-53-g5a82cb258f (webtiles) character file.

Game seed: 7078351169341230598

858 infcreate the Sneak (level 7, -9/36 HPs)
             Began as a Vampire Enchanter on July 29, 2022.
             Mangled by a gnoll
             ... wielding a +0 flail
              (12 damage)
             ... on level 5 of the Dungeon.
             The game lasted 00:15:12 (6056 turns).

infcreate the Sneak (Vampire Enchanter)             Turns: 6056, Time: 00:15:13

Health: -9/36      AC:  3    Str:  7    XL:     7   Next: 71%
Magic:  3/13       EV: 14    Int: 17    God:
Gold:   183        SH:  0    Dex: 17    Spells: 6/14 levels left

rFire   . . .      SeeInvis +   k - +1 dagger (speed)
rCold   + + .      Faith    .   (no shield)
rNeg    + + +      Spirit   .   b - +0 robe
rPois   ∞          Reflect  .   p - +0 helmet
rElec   .          Harm     .   (no cloak)
rCorr   .          Rampage  .   (no gloves)
Will    .....                   (no boots)
Stlth   ++++++....              (no amulet)
HPRegen 0.00/turn               (no ring)
MPRegen 0.13/turn               (no ring)

@: confusing by touch, bloodless, inhibited regen
A: bloodless, fangs 3, see invisible, vampiric 2
a: Bat Form, Revivify


You were on level 5 of the Dungeon.
You visited 1 branch of the dungeon, and saw 6 of its levels.
You also visited: Ossuary.

You collected 183 gold pieces.


Innate Abilities, Weirdness & Mutations

You do not regenerate when monsters are visible.
You are frail without blood (-20% HP).
You can heal yourself when you bite living creatures.
You are immune to poison.
You have razor-sharp teeth.
You have supernaturally acute eyesight. (SInv)
You are afflicted with vampirism and can become a bat while bloodless.


   Skills:
 + Level 4.3 Short Blades
 + Level 4.7 Dodging
 + Level 7.5 Stealth
 + Level 4.0 Spellcasting
 + Level 7.1 Hexes


You had 6 spell levels left.
You knew the following spells:

 Your Spells              Type           Power      Damage    Failure   Level
c - Confusing Touch       Hex            27%        N/A       2%          3
d - Tukima's Dance        Hex            27%        N/A       2%          3
e - Ensorcelled Hibernat  Hex/Ice        30%        N/A       5%          2

Your spell library contained the following spells:

 Spells                   Type           Power      Damage    Failure   Level
 Dazzling Flash           Conj/Hex       30%        N/A       11%         3
 Magic Dart               Conj           12%        1d3       16%         1
 Corpse Rot               Necr/Air       6%         N/A       24%         2
 Poisonous Vapours        Pois/Air       6%         N/A       24%         2
 Searing Ray              Conj           6%         2d4       24%         2
 Fulminant Prism          Conj/Hex       7%         3d7       34%         4

Inventory:

Hand Weapons
 k - a +1 dagger of speed (weapon)
Missiles
 d - 88 stones (quivered)
Armour
 b - a +0 robe (worn)
 p - a +0 helmet (worn)
Magical Staves
 n - a staff of air {!a}
Wands
 m - a wand of polymorph (7)
Scrolls
 a - 2 scrolls of magic mapping
 e - a scroll of fog
 f - a scroll of enchant weapon
 g - 2 scrolls of teleportation {@r2}
 i - a scroll of immolation
 j - 2 scrolls of amnesia
 r - a scroll of torment
 v - a scroll of blinking
Potions
 c - a potion of invisibility
 h - 2 potions of haste {@q3}
 l - 2 potions of mutation {unknown}
 o - a potion of berserk rage {unknown}
 q - a potion of heal wounds {unknown}
 t - a potion of might {unknown}
 u - a potion of curing {unknown}

Dungeon Overview and Level Annotations

Branches:
Dungeon (6/15)            Ossuary (visited)
 Temple: D:4-7

Altars:

Shops:
D:1 !

Annotations:
D:4 Dowan, Duvessa

#
...........##.......#
##.......#####......##
#.#..#..... #.######
##........# #.#
###.....#...# #.#
.....#..#g)g# #.#
#.....g.# #.#
#...#.###g# #.# #....
#.# #@# #.# .... #.#
#.# #.# ..# ... #.##
#.# # .#. #..###.#
.....#....#.#
..........#.#
...#......#.## .
#...#.....#
###.......#


You could see a gnoll shaman (confused) and 3 gnolls.


Message History

The gnoll shaman is lightly wounded.
The gnoll hits you with a +0 flail. The gnoll closely misses you.
You hit the gnoll shaman.
The gnoll shaman is lightly wounded.
The gnoll barely misses you.
The gnoll shaman grins madly.
The gnoll shaman hits you with a +0 whip.
The gnoll shaman hits itself with a +0 whip.
You hit the gnoll shaman but do no damage.
You bite the gnoll shaman.
You draw the gnoll shaman's blood!
You feel better.
The gnoll shaman is moderately wounded.
The gnoll barely misses you.
You completely miss the gnoll shaman. You bite the gnoll shaman.
You draw the gnoll shaman's blood!
You feel better.
The gnoll shaman is heavily wounded.
The gnoll hits you with a +0 flail. The gnoll closely misses you.
You hit the gnoll shaman but do no damage.
You bite the gnoll shaman, but do no damage.
The gnoll shaman is heavily wounded.
The gnoll hits you from afar with a +0 halberd!
* * * LOW HITPOINT WARNING * * *
The gnoll barely misses you.
The gnoll shaman hits the gnoll with a +0 whip!
Casting: Confusing Touch (dangerous; 2% risk of failure)
Confirm with . or Enter, or press ? or * to list all spells.
Your hands begin to glow red.
The gnoll misses you.
The gnoll hits you from afar with a +0 spear.
* * * LOW HITPOINT WARNING * * *
The gnoll hits you with a +0 flail!
You die...

Skill      XL: |  1  2  3  4  5  6  7 |
---------------+----------------------+-----
Stealth        | 5 6 7 |  7.5
Short Blades   | 2 3 4 |  4.3
Hexes          | 5 6 7 |  7.1
Dodging        | 3 4 |  4.7
Spellcasting   | 3 4 |  4.0

Action                   |  1- 3 |  4- 6 |  7- 9 || total
-------------------------+-------+-------+-------++-------
Melee: Dagger            |    81 |   104 |   210 ||   395
       Bite              |     4 |    15 |    26 ||    45
       Punch             |     2 |     3 |     3 ||     8
Throw: Stone             |     3 |       |       ||     3
 Cast: Ensorcelled Hiber |    22 |    22 |    10 ||    54
       Confusing Touch   |     1 |     9 |    14 ||    24
       Tukima's Dance    |       |     2 |       ||     2
 Abil: Exsanguinate      |     1 |       |       ||     1
  Use: Scroll            |     1 |     5 |     4 ||    10
 Stab: Sleeping          |    31 |    26 |    26 ||    83
       Confused          |     1 |     8 |     9 ||    18
       Distracted        |       |     1 |       ||     1
Armor: Robe              |    10 |     7 |    29 ||    46
Dodge: Dodged            |    40 |    23 |    72 ||   135

Levels and vault maps discovered:
D:1:      minmay_arrival_shattered_statue, layout_loops_ring,
          hellmonk_ecumenical_altar_lost_god, serial_shops, shop,
          minmay_misc_feat_hallway, st_stairs_14
D:2:      layout_rooms, chequers_serial_rivers_small_3, uniq_robin
D:3:      layout_basic, nicolae_figureground_pulse
D:4:      layout_rooms, minivault_19, uniq_duvessa, uniq_pikel
D:5:      layout_rooms, nicolae_ashenzari_skybound, enter_ossuary_5
D:6:      layout_cave_pools, general_overflow_altar, serial_bayou_crossing,
          uniq_prince_ribbit1

Notes
Turn   | Place    | Note
-------+----------+-------------------------------------------
     0 | D:1      | infcreate the Vampire Enchanter began the quest for the
                  | Orb.
     0 | D:1      | Reached XP level 1. HP: 13/13 MP: 3/3
   236 | D:1      | Found Asmadd's Distillery.
   482 | D:1      | Identified the +10 hunting sling of the Pure Defenders
                  | {vorpal, +Blink rPois Dex-5}
   488 | D:1      | Reached XP level 2. HP: 15/15 MP: 5/5
   491 | D:1      | Learned a level 2 spell: Ensorcelled Hibernation
  1179 | D:1      | Found a faded altar of an unknown god.
  1480 | D:2      | Gained mutation: You are afflicted with vampirism and can
                  | become a bat while bloodless. [Vampire growth]
  1480 | D:2      | Reached XP level 3. HP: 19/19 MP: 6/6
  1484 | D:2      | Learned a level 3 spell: Confusing Touch
  1625 | D:2      | Reached skill level 5 in Stealth
  1759 | D:2      | Noticed Robin
  1893 | D:2      | Killed Robin
  1894 | D:2      | Reached skill level 2 in Short Blades
  1894 | D:2      | Reached skill level 5 in Hexes
  2135 | D:2      | Reached XP level 4. HP: 24/24 MP: 4/7
  2584 | D:3      | Learned a level 3 spell: Tukima's Dance
  2763 | D:3      | Reached skill level 3 in Dodging
  3932 | D:3      | Reached XP level 5. HP: 28/28 MP: 9/9
  4395 | D:4      | Noticed Duvessa
  4425 | D:4      | Noticed Dowan
  4541 | D:4      | You fall into a shaft and drop 2 floors!
  4541 | D:6      | Noticed a necrophage
  4552 | D:6      | Reached skill level 3 in Spellcasting
  4569 | D:6      | Reached skill level 6 in Stealth
  4627 | D:6      | Reached skill level 3 in Short Blades
  4627 | D:6      | Reached XP level 6. HP: 32/32 MP: 10/10
  4660 | D:6      | Reached skill level 6 in Hexes
  4816 | D:6      | Noticed an ice beast
  4860 | D:6      | Reached skill level 4 in Dodging
  4863 | D:5      | Entered Level 5 of the Dungeon
  4889 | D:5      | Reached XP level 7. HP: 32/36 MP: 6/12
  4951 | D:5      | Reached skill level 7 in Stealth
  5135 | D:5      | Reached skill level 4 in Short Blades
  5159 | D:5      | Found a sand-covered staircase.
  5173 | Ossuary  | Entered an ossuary
  6045 | D:5      | Reached skill level 4 in Spellcasting
  6045 | D:5      | Reached skill level 7 in Hexes
  6056 | D:5      | HP: 3/36 [gnoll/+0 spear (5)]
  6056 | D:5      | Mangled by a gnoll

Vanquished Creatures
  A water moccasin (D:5)
  2 necrophages
  2 scorpions
  A water moccasin skeleton (D:6)
  A howler monkey (D:6)
  3 hounds
  A jelly (D:5)
  An iguana (D:6)
  A mummy (Ossuary)
  Robin (D:2)
  2 gnolls (D:5)
  4 adders
  A shadow imp (D:6)
  A worm (D:3)
  A dart slug (D:1)
  3 orcs (D:5)
  3 spectral bats (Ossuary)
  An endoplasm (D:4)
  2 giant cockroaches
  12 gnoll zombies (Ossuary)
  15 goblins
  8 hobgoblins
  7 jackals
  6 kobolds
  7 quokkas
  8 ball pythons
  6 bats
  A bat simulacrum (Ossuary)
  3 frilled lizards
  4 goblin simulacra (Ossuary)
  4 goblin zombies (Ossuary)
  6 hobgoblin zombies (Ossuary)
  2 kobold simulacra (Ossuary)
  6 kobold zombies (Ossuary)
  2 orc zombies (Ossuary)
  2 rats
  A spectral goblin (Ossuary)
  2 spectral kobolds (Ossuary)
  2 spectral rats (Ossuary)
136 creatures vanquished.

Vanquished Creatures (collateral kills)
  An orc (D:3)
1 creature vanquished.

Vanquished Creatures (others)
  A dancing weapon (D:3)
1 creature vanquished.

Grand Total: 138 creatures vanquished

Table legend: (Time is in decaauts)
 A = Elapsed time spent in this place.
 B = Non-inter-level travel time spent in this place.
 C = Inter-level travel time spent in this place.
 D = Time resting spent in this place.
 E = Time spent auto-exploring this place.
 F = Levels seen in this place.
 G = Mean time per level.
                   A        B        C        D        E       F      G
               +--------+--------+--------+--------+--------+-----+--------+
         Total |   5896 |   5614 |    282 |    805 |   3366 |   7 |  842.3 |
       Dungeon |   5166 |   4884 |    282 |    660 |   3038 |   6 |  861.0 |
       Ossuary |    730 |    730 |      0 |    145 |    328 |   1 |  730.0 |
               +--------+--------+--------+--------+--------+-----+--------+

Top non-repeatable levels by time:
     D:3: 1795 daAuts
     D:1: 1324 daAuts
     D:2: 1222 daAuts
 Ossuary: 730 daAuts
     D:5: 360 daAuts
     D:6: 305 daAuts
     D:4: 158 daAuts

Table legend:
 A = Non-vault XP
 B = Vault XP
 C = Vault XP percentage of total XP
 D = Non-vault monster count
 E = Vault monster count
 F = Vault count percentage of total count
                 A         B        C        D         E       F
            +---------+---------+-------+---------+---------+-------
      Total |    1106 |     120 |   9.8 |      76 |      61 |  44.5
            +---------+---------+-------+---------+---------+-------
        D:1 |      32 |       5 |  13.5 |      19 |       3 |  13.6
        D:2 |      37 |      37 |  50.0 |      14 |      12 |  46.2
        D:3 |     102 |       0 |   0.0 |      19 |       0 |   0.0
        D:4 |      12 |       0 |   0.0 |       6 |       0 |   0.0
        D:5 |     500 |       0 |   0.0 |      11 |       0 |   0.0
        D:6 |     423 |       0 |   0.0 |       7 |       0 |   0.0
    Ossuary |       0 |      78 | 100.0 |       0 |      46 | 100.0
            +---------+---------+-------+---------+---------+-------
